 Dungeon Crawl Stone Soup version 0.29-a0-925-g0a7a3d12f8 (webtiles) character file.

Game seed: 5660764888518122888

135 quixfox the Digger (level 5, 0/28 HPs)
             Began as a Gargoyle Earth Elementalist on July 29, 2022.
             Slain by an orc
             ... wielding a +0 club
              (2 damage)
             ... on level 3 of the Dungeon.
             The game lasted 00:03:47 (2261 turns).

quixfox the Digger (Gargoyle Earth Elementalist)    Turns: 2261, Time: 00:03:48

Health: 0/28       AC:  6    Str: 12    XL:     5   Next: 18%
Magic:  4/10       EV: 11    Int: 17    God:
Gold:   103        SH:  0    Dex: 10    Spells: 4/10 levels left

rFire   . . .      SeeInvis .   r - +0 whip
rCold   . . .      Faith    .   (no shield)
rNeg    + . .      Spirit   .   a - +0 robe
rPois   ∞          Reflect  .   (no helmet)
rElec   +          Harm     .   (no cloak)
rCorr   .          Rampage  .   (no gloves)
Will    .....                   (no boots)
Stlth   ++........              (no amulet)
HPRegen 0.09/turn               (no ring)
MPRegen 0.12/turn               (no ring)

@: no status effects
A: sickness immunity, AC +4, negative energy resistance 1, electricity
resistance, torment resistance 1, petrification resistance
a: no special abilities


You were on level 3 of the Dungeon.
You visited 1 branch of the dungeon, and saw 3 of its levels.

You collected 103 gold pieces.

Inventory:

Hand Weapons
 r - a +0 whip (weapon)
Armour
 a - a +0 robe (worn)
 n - a +2 leather armour of cold resistance
Jewellery
 l - a ring of ice
Scrolls
 c - a scroll of torment {unknown}
 f - a scroll of enchant armour {unknown}
 h - a scroll of teleportation
 i - a scroll of silence
 j - a scroll of fear {unknown}
 p - a scroll of blinking {unknown}
Potions
 b - a potion of magic
 d - a potion of might {unknown}
 e - a potion of curing {unknown}
 k - a potion of experience {unknown}
 m - a potion of lignification
 o - 3 potions of brilliance
 q - a potion of attraction


   Skills:
 - Level 1.5 Dodging
 - Level 2.1 Stealth
 + Level 3.3 Spellcasting
 + Level 2.1 Conjurations
 - Level 0.7 Transmutations
 + Level 5.1 Earth Magic


You had 4 spell levels left.
You knew the following spells:

 Your Spells              Type           Power      Damage    Failure   Level
a - Sandblast             Erth           40%        2d10      1%          1
b - Passwall              Tmut/Erth      10%        N/A       8%          2
c - Stone Arrow           Conj/Erth      30%        3d8       11%         3

Your spell library contained the following spells:

 Spells                   Type           Power      Damage    Failure   Level
 Petrify                  Tmut/Erth      12%        N/A       45%         4


Dungeon Overview and Level Annotations

Branches:
Dungeon (3/15)

Altars:
Ashenzari


Innate Abilities, Weirdness & Mutations

You are immune to sickness and miasma.
Your stone body is resilient. (AC +4)
You are immune to poison.
You resist negative energy. (rN+)
You are resistant to electric shocks. (rElec)
You are resistant to unholy torment.
You are immune to petrification.


Message History

You kill the kobold!
Things that are here:
a +0 short sword; a stone; a kobold corpse Magic restored.
c - a scroll labelled EPEXOE FEES
As you read the scroll labelled EKLIAD ZACK, it crumbles to dust.
A profound silence engulfs you.
It was a scroll of silence.
Your hearing returns.
An orc priest comes into view. It is wielding a +0 war axe.
An orc comes into view. It is wielding a +0 short sword.
The orc shouts!
The orc priest shouts!
You hear a shout!
An orc comes into view. It is wielding a +0 club.
The blast of sand misses the orc priest.
The orc priest invokes the aid of Beogh against you.
You barely resist.
The blast of sand hits the orc but does no damage.
The orc shouts!
You hear a shout!
The blast of sand hits the orc.
The orc is almost dead.
An orc comes into view. It is wielding a +0 hand axe.
The orc hits you but does no damage.
The blast of sand hits the orc.
You kill the orc!
The orc priest hits you with a +0 war axe!
An orc comes into view. It is wielding a +0 trident.
The blast of sand hits the orc priest but does no damage.
The orc priest begins to cast a cantrip, but forgets the words!
The orc throws a boomerang.
The boomerang hits you.
The orc priest hits you with a +0 war axe.
Aiming: Sandblast (safe; 1% risk of failure)
Press: ? - help, Q - select action, (/) - cycle Shift-Dir - straight line, f/p - orc priest
Aim: an orc priest, wielding a +0 war axe and wearing a +0 leather armour (83% to hit)
The blast of sand hits the orc priest!
The orc priest is severely wounded.
The orc priest hits you with a +0 war axe.
The orc closely misses you.
The orc priest hits you with a +0 war axe!
* * * LOW HITPOINT WARNING * * *
The orc hits you with a +0 club.
You die...

.# .# .# .# o# o#
##o####.# #@o.....#
###########..######
..........#..#
##########.#.## #.#
##.#..#
###..#######.###.####
#..#.#......## ##...#
#.#_##.#####.###.##.#
....##.# ##.#..# #


You could see an orc priest and 3 orcs.

Vanquished Creatures
  4 gnolls
  4 adders (D:2)
  2 worms (D:2)
  2 dart slugs
  An orc (D:3)
  2 ball pythons
  3 endoplasms (D:1)
  2 giant cockroaches (D:1)
  5 goblins
  4 hobgoblins
  4 jackals (D:2)
  7 kobolds
  3 quokkas
  2 bats
  2 frilled lizards
  4 rats
51 creatures vanquished.

Notes
Turn   | Place    | Note
-------+----------+-------------------------------------------
     0 | D:1      | quixfox the Gargoyle Earth Elementalist began the quest for
                  | the Orb.
     0 | D:1      | Reached XP level 1. HP: 10/10 MP: 3/3
   177 | D:1      | Reached skill level 4 in Earth Magic
   177 | D:1      | Reached XP level 2. HP: 15/15 MP: 3/5
   610 | D:1      | Reached XP level 3. HP: 15/19 MP: 1/7
   613 | D:1      | Learned a level 2 spell: Passwall
   617 | D:1      | Learned a level 3 spell: Stone Arrow
  1659 | D:2      | Reached skill level 1 in Conjurations
  1659 | D:2      | Reached XP level 4. HP: 24/24 MP: 5/8
  2105 | D:3      | Reached skill level 5 in Earth Magic
  2128 | D:3      | Found a faded altar of an unknown god.
  2128 | D:3      | Found a broken altar of Ashenzari.
  2157 | D:2      | Reached XP level 5. HP: 25/28 MP: 6/9
  2261 | D:3      | Slain by an orc

Illustrated notes

Levels and vault maps discovered:
D:1:      shiori_arrival_elements, layout_basic, lemuel_old_faithful
D:2:      layout_loops_cross
D:3:      layout_loops_ring, ashenzari_altar_1, ebering_ecumenical_altar_rust

Skill      XL: |  1  2  3  4 |
---------------+-------------+-----
Earth Magic    | 4 5 |  5.1
Conjurations   | 1 2 |  2.1
Spellcasting   | 3 |  3.3
Dodging        | |  1.5
Stealth        | |  2.1
Transmutations | |  0.7

Action                   |  1- 3 |  4- 6 || total
-------------------------+-------+-------++-------
Melee: Dagger            |     9 |       ||     9
       Punch             |     1 |       ||     1
 Cast: Sandblast         |    47 |    35 ||    82
  Use: Scroll            |       |     5 ||     5
 Stab: Sleeping          |     1 |       ||     1
Armor: Robe              |    13 |    17 ||    30
Dodge: Dodged            |    14 |    25 ||    39

Table legend: (Time is in decaauts)
 A = Elapsed time spent in this place.
 B = Non-inter-level travel time spent in this place.
 C = Inter-level travel time spent in this place.
 D = Time resting spent in this place.
 E = Time spent auto-exploring this place.
 F = Levels seen in this place.
 G = Mean time per level.
                   A        B        C        D        E       F      G
               +--------+--------+--------+--------+--------+-----+--------+
         Total |   2348 |   2291 |     57 |    191 |   1750 |   3 |  782.7 |
       Dungeon |   2348 |   2291 |     57 |    191 |   1750 |   3 |  782.7 |
               +--------+--------+--------+--------+--------+-----+--------+

Top non-repeatable levels by time:
     D:1: 1171 daAuts
     D:2: 1037 daAuts
     D:3: 139 daAuts
